 Dungeon Crawl Stone Soup version 0.24.0-123-gd5b16e6ec5 (webtiles) character file.

Game seed: 17739940434630779369, levelgen mode: deterministic

71 Chiseanne the Skirmisher (level 4, -4/34 HPs)
             Began as a Demonspawn Warper on Jan 10, 2020.
             Slain by Sigmund
             ... wielding a +0 scythe
              (10 damage)
             ... on level 3 of the Dungeon.
             The game lasted 00:04:21 (2670 turns).

Chiseanne the Skirmisher (Demonspawn Warper)        Turns: 2670, Time: 00:04:21

Health: -4/34      AC:  6    Str: 12    XL:     4   Next: 5%
Magic:  7/7        EV: 18    Int: 14    God:
Gold:   68         SH:  0    Dex: 18    Spells: 8/8 levels left

rFire    . . .     SeeInvis .   a - +4 hand axe (chop)
rCold    . . .     Gourm    .   (no shield)
rNeg     . . .     Faith    .   b - +0 leather armour
rPois    .         Spirit   .   (no helmet)
rElec    .         Reflect  .   o - +0 cloak
rCorr    .         Harm     .   (no gloves)
MR       .....                  (no boots)
Stlth    ++........             (no amulet)
HPRegen  0.11/turn              (no ring)
MPRegen  0.10/turn              (no ring)

@: confused, agile
A: yellow scales 1, powered by pain 1
a: no special abilities


You were on level 3 of the Dungeon.
You were not hungry.

You visited 1 branch of the dungeon, and saw 3 of its levels.

You collected 68 gold pieces.

Inventory:

Hand Weapons
 a - a +4 hand axe of chopping (weapon)
Missiles
 e - 5 boomerangs of dispersal
 g - 2 poisoned darts (quivered)
 i - 7 javelins
 j - 36 stones
 p - 40 bolts
 q - 43 sling bullets
 r - 8 arrows
Armour
 b - a +0 leather armour (worn)
 o - a +0 cloak (worn)
Jewellery
 c - an uncursed ring of fire
 h - an uncursed ring of wizardry {unknown}
 m - an uncursed amulet of faith
Scrolls
 d - a scroll of blinking
 s - 2 scrolls of immolation
Potions
 l - a potion of lignification
Comestibles
 f - 3 rations
 n - a chunk of flesh


   Skills:
 * Level 2.7 Fighting
   Level 2.3 Long Blades
 * Level 0.3 Axes
 - Level 0.8 Throwing
 - Level 0.8 Armour
 * Level 2.5 Dodging
 * Level 2.6 Spellcasting
   Level 2.6 Translocations


You had 8 spell levels left.
You didn't know any spells.
Your spell library contained the following spells:

 Spells                   Type           Power        Failure   Level  Hunger
 Apportation              Tloc           #.....       10%         1    #......
 Blink                    Tloc           N/A          14%         2    ###....
 Shroud of Golubria       Chrm/Tloc      #.....       26%         2    ###....
 Animate Skeleton         Necr           N/A          28%         1    #......
 Confusing Touch          Hex            #.....       28%         1    #......
 Summon Small Mammal      Summ           #...         28%         1    #......
 Gell's Gravitas          Tloc           #.........   28%         3    ###....
 Lesser Beckoning         Tloc           #.........   28%         3    ###....
 Teleport Other           Tloc           #.......     28%         3    ###....
 Passage of Golubria      Tloc           N/A          67%         4    #####..


Dungeon Overview and Level Annotations

Branches:
Dungeon (3/15)

Altars:
Hepliaklqana

Annotations:
D:3 Sigmund


Innate Abilities, Weirdness & Mutations

You are partially covered in yellow scales. (AC +2)
You sometimes gain a little power by taking damage.


Message History

Sigmund flickers and vanishes!
Deactivating autopickup; reactivate with Ctrl-A.
You see here a poisoned dart.
Something hits you!
* * * LOW HITPOINT WARNING * * *
You focus on the pain.
You feel agile all of a sudden.
You see here a poisoned dart.
You feel less confused.
You hear some strange, mumbled words.
You are confused.
Something hits you.
* * * LOW HITPOINT WARNING * * *
You hear some strange, mumbled words.
You are more confused.
You're too confused to move!
Something completely misses you.
You hear some strange, mumbled words.
You are more confused.
Something hits you!
You die...

........##.....#
##..###.###.#..#
##.#..........#####
#.................#
##...#..##(........#
.....#.....(......(#
##.#.#.............#
#.#....#.#........#
#.#....#.#....{@..#######
#......#.#.....(........#
#####..#)#######........#
#.>#.# #........# #..รท.#
#........# ######
#........# #........#
#..[.....# ##########


There were no monsters in sight!

Vanquished Creatures
  2 adders
  A worm (D:2)
  2 dart slugs (D:1)
  A leopard gecko (D:1)
  An orc (D:2)
  A ball python (D:1)
  5 giant cockroaches
  5 goblins
  3 hobgoblins
  4 jackals (D:1)
  4 kobolds
  4 bats (D:1)
  4 frilled lizards
  4 rats
41 creatures vanquished.

Notes
Turn   | Place    | Note
-------+----------+-------------------------------------------
     0 | D:1      | Chiseanne the Demonspawn Warper began the quest for the
                  | Orb.
     0 | D:1      | Reached XP level 1. HP: 16/16 MP: 3/3
   483 | D:1      | Gained mutation: You are partially covered in yellow
                  | scales. (AC +2) [demonic ancestry]
   483 | D:1      | Reached XP level 2. HP: 19/22 MP: 5/5
  1020 | D:1      | Gained mutation: You sometimes gain a little power by
                  | taking damage. [demonic ancestry]
  1020 | D:1      | Reached XP level 3. HP: 26/28 MP: 6/6
  1825 | D:2      | Found a hazy altar of Hepliaklqana.
  2501 | D:3      | Noticed Sigmund
  2517 | D:3      | Reached XP level 4. HP: 26/34 MP: 7/7
  2670 | D:3      | Slain by Sigmund

Levels and vault maps discovered:
D:1:      minmay_arrival_jagged, layout_basic
D:2:      layout_basic, lemuel_doored_altar, first_ration,
          minmay_misc_feat_ornament, serial_bayou_pond_b, minmay_door_square
D:3:      layout_basic, led_xom_imps, marbit_many_paths, lemuel_crystal_altar,
          grunt_gozag_statues, uniq_sigmund

Skill      XL: |  1 |
---------------+----+-----
Long Blades    | 2 |  2.3
Dodging        | 2 |  2.5
Fighting       | |  2.7
Axes           | |  0.3
Throwing       | |  0.8
Armour         | |  0.8
Spellcasting   | |  2.6
Translocations | |  2.6

Action                   |  1- 3 |  4- 6 || total
-------------------------+-------+-------++-------
Melee: Falchion          |   127 |       ||   127
       Hand axe          |    18 |       ||    18
Throw: Dart              |       |     8 ||     8
  Use: Scroll            |     8 |     2 ||    10
       Potion            |     2 |       ||     2
 Stab: Sleeping          |     1 |       ||     1
  Eat: Chunk             |     5 |     1 ||     6
Armor: Leather armour    |    72 |     1 ||    73
Dodge: Dodged            |   102 |     1 ||   103
       Rpst.: Falchion   |    33 |       ||    33
